 Dungeon Sprint DCSS version 0.19-a0-1834-g6b7851e (webtiles) character file.

14200000 George the Conqueror (level 27, -25/273 HPs)
             Began as a Centaur Gladiator on Oct 9, 2016.
             Was the Champion of Makhleb.
             Killed from afar by a scourge (67 damage)
             ... with a bolt of poison
             ... in the Dungeon (Sprint VIII: "Arena of Blood").
             The game lasted 00:05:24 (142 turns).

George the Conqueror (Centaur Gladiator)             Turns: 142, Time: 00:05:25

Health: -25/273    AC: 10    Str: 20    XL:     27
Magic:  45/54      EV: 32    Int:  7    God:    Makhleb [******]
Gold:   0          SH:  0    Dex: 21    Spells: 0 memorised, 80 levels left

rFire  . . .     SeeInvis .     l - +∞ Axe of Woe
rCold  . . .     Gourm    .     b - +0 leather armour
rNeg   . . .     Faith    .     (shield currently unavailable)
rPois  .         Spirit   .     c - +0 helmet
rElec  .         Dismiss  .     (no cloak)
rCorr  .         Reflect  .     (no gloves)
MR     ++...     Harm     .     (no barding)
Stlth  +++++++++. NoTele   +    (no amulet)
                                (no ring)
                                (no ring)

@: lethally poisoned (-25 -> -62), slowed
A: hooves 3, deformed body, speed 2, tough skin 3
a: Minor Destruction, Lesser Servant of Makhleb, Major Destruction, Greater
Servant of Makhleb, Renounce Religion


You were in the Dungeon.
You worshipped Makhleb.
Makhleb was exalted by your worship.
You were not hungry.

You visited 1 branch

Inventory:

Hand Weapons
 l - the +∞ Axe of Woe (weapon)
   (You found it in the Dungeon)
Missiles
 d - 3 throwing nets (quivered)
Armour
 b - a +0 leather armour (worn)
 c - a +0 helmet (worn)
Scrolls
 k - a scroll of blinking
Potions
 g - a potion of heal wounds
 h - a potion of haste
 i - 2 potions of magic
 j - a potion of berserk rage
Comestibles
 f - a bread ration


   Skills:
 O Level 27 Fighting
 O Level 27 Axes
 O Level 27 Throwing
 O Level 27 Armour
 O Level 27 Dodging
 O Level 27 Stealth
 O Level 27 Unarmed Combat
 O Level 27 Spellcasting
 O Level 27 Invocations


You had 80 spell levels left.
You didn't know any spells.

Dungeon Overview and Level Annotations

Branches:
Dungeon (1/1)

Altars:
Makhleb


Innate Abilities, Weirdness & Mutations

You have hooves in place of feet.
Armour fits poorly on your strangely shaped body.
You cover ground very quickly.
You have extremely tough skin. (AC +3)


Message History

You hear a shout! x2
The fleshlord casts a spell.
The eight-headed meat hydra calls on the powers of darkness!
The eight-headed meat hydra convulses!
The fleshlord convulses!
Your body is wracked with pain!
* * * LOW HITPOINT WARNING * * *
The bag of meat convulses! x2; The fleshlord convulses!
You feel something staring at you. Something smites you!
* * * LOW HITPOINT WARNING * * *
The fleshlord mumbles some strange words.
You hear a shout!
The fleshlord mumbles some strange words.
An orc and a hell beast come into view.
You feel sick.
The fleshlord gestures at you while chanting.
The fleshlord casts a spell.
The scourge throws poison at you. The bolt of poison hits you!
You are more poisoned.
You die...

....#....)))#).)..#%...
......#)o.)))))_.......
......))†..)))###......
......)%)###%)))...###.
......).)).#.)))...#
.......))).#.......#
§o#..p.)D.........p...
.#.#.#.))..))..o..o...
..#.#.....)†@....p....
.#o#.#....).)...D.2.##
V#.#..S..#........#.
..................#
#....C..##.#.......
#.................
..#### ...#.....# ....
......


You could see a meat beast (wandering), 2 eight-headed meat hydras, a scourge, 3
fleshlords, a large bag of meat (inner flame) and 2 bags of meat.

Vanquished Creatures
  3 hell knights (D)
  Sigmund (D)
  5 hell beasts (D)
  7 greater mummies (D)
  2 great orbs of eyes (D)
  3 wraiths (D)
  Harold (D)
  17 vampire knights (D)
  36 ogres (D)
  4 liches (D)
  3 hydras (D)
  75 orcs (D)
  4 phantoms (D)
  10 hill giants (D)
  7 skeletal warriors (D)
  6 sea snakes (D)
  10 large abominations (D)
  7 small abominations (D)
  13 crawling corpses (D)
214 creatures vanquished.

Vanquished Creatures (others)
  A hydra (D)
  3 orcs (D)
  3 crawling corpses (D)
7 creatures vanquished.

Grand Total: 221 creatures vanquished

Notes
Turn   | Place    | Note
-------+----------+-------------------------------------------
     0 | D        | George the Centaur Gladiator began the quest for the Orb.
     0 | D        | Reached XP level 1. HP: 17/17 MP: 1/1
     3 | D        | Noticed a bag of meat
     3 | D        | Noticed a meat berserker
     3 | D        | Killed a meat berserker
     3 | D        | Reached skill level 15 in Axes
     3 | D        | Reached XP level 2. HP: 50/50 MP: 2/2
     3 | D        | Reached XP level 3. HP: 57/57 MP: 3/3
     3 | D        | Reached XP level 4. HP: 64/64 MP: 4/4
     3 | D        | Reached XP level 5. HP: 72/72 MP: 5/5
     3 | D        | Reached XP level 6. HP: 80/80 MP: 6/6
     3 | D        | Reached XP level 7. HP: 86/86 MP: 7/7
     3 | D        | Reached XP level 8. HP: 94/94 MP: 8/8
     3 | D        | Reached XP level 9. HP: 101/101 MP: 9/9
     3 | D        | Reached XP level 10. HP: 110/110 MP: 10/10
     3 | D        | Reached XP level 11. HP: 116/116 MP: 11/11
     3 | D        | Reached XP level 12. HP: 124/124 MP: 12/12
     3 | D        | Reached XP level 13. HP: 130/130 MP: 13/13
     4 | D        | Noticed a bag of meat
     5 | D        | Noticed a bag of meat
     6 | D        | Became a worshipper of Makhleb the Destroyer
     8 | D        | Killed a bag of meat
    10 | D        | Noticed a bag of meat
    10 | D        | Noticed a bag of meat
    10 | D        | Noticed a meat berserker
    10 | D        | Killed a bag of meat
    10 | D        | Reached * piety under Makhleb
    10 | D        | Reached skill level 15 in Dodging
    10 | D        | Reached XP level 14. HP: 146/146 MP: 13/23
    11 | D        | Noticed a meat berserker
    11 | D        | Killed a bag of meat
    12 | D        | Noticed a bag of meat
    12 | D        | Killed a meat berserker
    12 | D        | Reached XP level 15. HP: 160/160 MP: 13/27
    15 | D        | Noticed a meat berserker
    15 | D        | Noticed a meat berserker
    15 | D        | Reached ** piety under Makhleb
    15 | D        | Reached XP level 16. HP: 172/172 MP: 14/30
    18 | D        | Noticed a large bag of meat
    18 | D        | Killed a meat berserker
    18 | D        | Reached *** piety under Makhleb
    18 | D        | Reached XP level 17. HP: 185/185 MP: 14/32
    19 | D        | Reached **** piety under Makhleb
    19 | D        | Reached skill level 27 in Fighting
    19 | D        | Noticed a destroyer
    20 | D        | Noticed a large bag of meat
    20 | D        | Reached XP level 18. HP: 200/200 MP: 15/35
    20 | D        | Reached skill level 27 in Axes
    20 | D        | Reached skill level 27 in Invocations
    20 | D        | Killed a meat berserker
    20 | D        | Reached ***** piety under Makhleb
    20 | D        | Reached skill level 27 in Dodging
    20 | D        | Reached XP level 19. HP: 207/207 MP: 15/36
    21 | D        | Noticed a meat berserker
    21 | D        | Reached skill level 10 in Stealth
    21 | D        | Killed a meat berserker
    22 | D        | Noticed a meat berserker
    22 | D        | Reached skill level 15 in Stealth
    22 | D        | Reached skill level 27 in Throwing
    23 | D        | Reached XP level 20. HP: 216/216 MP: 15/37
    25 | D        | Killed a destroyer
    25 | D        | Reached ****** piety under Makhleb
    26 | D        | Reached skill level 10 in Armour
    26 | D        | Reached skill level 27 in Stealth
    26 | D        | Reached XP level 21. HP: 224/224 MP: 16/38
    28 | D        | Reached XP level 22. HP: 233/233 MP: 16/39
    29 | D        | Reached skill level 27 in Armour
    31 | D        | Reached skill level 15 in Spellcasting
    32 | D        | Noticed The Servant
    33 | D        | Reached XP level 23. HP: 240/240 MP: 17/46
    34 | D        | Reached skill level 27 in Unarmed Combat
    36 | D        | Reached skill level 27 in Spellcasting
    36 | D        | Reached XP level 24. HP: 162/249 MP: 18/54
    37 | D        | Noticed a destroyer
    37 | D        | Noticed a destroyer
    40 | D        | Noticed a destroyer
    41 | D        | Reached XP level 25. HP: 257/257 MP: 19/54
    41 | D        | Killed a destroyer
    42 | D        | Noticed a destroyer
    42 | D        | Killed a destroyer
    43 | D        | Noticed a destroyer
    43 | D        | Noticed a destroyer
    43 | D        | Reached XP level 26. HP: 266/266 MP: 20/54
    43 | D        | Killed a destroyer
    45 | D        | Noticed a tyrant
    46 | D        | Noticed a destroyer
    46 | D        | Killed a destroyer
    46 | D        | Reached XP level 27. HP: 205/273 MP: 20/54
    47 | D        | Noticed a destroyer
    48 | D        | Killed a destroyer
    49 | D        | Killed a destroyer
    49 | D        | Killed a destroyer
    51 | D        | Killed a destroyer
    53 | D        | Noticed an accursed
    54 | D        | Killed a tyrant
    56 | D        | Killed an accursed
    58 | D        | Noticed a tyrant
    59 | D        | Noticed a destroyer
    59 | D        | Noticed an accursed
    61 | D        | Noticed The Captor
    62 | D        | Killed a tyrant
    63 | D        | Noticed an accursed
    63 | D        | Noticed a destroyer
    65 | D        | Killed a destroyer
    67 | D        | Killed The Servant
    68 | D        | Noticed a meat beast
    70 | D        | Killed The Captor
    70 | D        | Killed a meat beast
    72 | D        | Killed a destroyer
    74 | D        | Noticed a meat beast
    75 | D        | Killed a meat beast
    79 | D        | Killed an accursed
    82 | D        | Noticed a meat beast
    85 | D        | Killed a meat beast
    86 | D        | Noticed a meat beast
    87 | D        | Noticed a dread
    88 | D        | Noticed an accursed
    89 | D        | Noticed a destroyer
    90 | D        | Noticed a destroyer
    90 | D        | Killed a meat beast
    91 | D        | Noticed a destroyer
    93 | D        | Killed an accursed
    93 | D        | Killed a destroyer
    94 | D        | Killed a destroyer
    94 | D        | Noticed a tyrant
    95 | D        | Killed a destroyer
   100 | D        | Killed an accursed
   101 | D        | Noticed an accursed
   102 | D        | Killed a tyrant
   105 | D        | Noticed a dread
   107 | D        | Killed a dread
   108 | D        | Noticed an accursed
   109 | D        | Noticed an accursed
   110 | D        | Noticed a tyrant
   110 | D        | Noticed a destroyer
   111 | D        | Killed an accursed
   115 | D        | Noticed a dread
   115 | D        | Killed a dread
   115 | D        | Killed a destroyer
   117 | D        | Noticed a destroyer
   118 | D        | HP: 7/270 [accursed/divine providence (10)]
   119 | D        | Killed an accursed
   121 | D        | Noticed a meat beast
   122 | D        | Killed a meat beast
   125 | D        | Killed an accursed
   125 | D        | Killed a dread
   126 | D        | Killed a destroyer
   126 | D        | Killed a tyrant
   127 | D        | Noticed a fleshlord
   130 | D        | Noticed a fleshlord
   130 | D        | Noticed a destroyer
   132 | D        | Noticed a fleshlord
   132 | D        | Killed a fleshlord
   134 | D        | HP: 9/273 [??? (7)]
   135 | D        | Noticed a meat beast
   136 | D        | Killed a fleshlord
   137 | D        | Killed a destroyer
   138 | D        | Killed a fleshlord
   139 | D        | Noticed a fleshlord
   139 | D        | Noticed a fleshlord
   139 | D        | HP: 11/273 [??? (9)]
   140 | D        | Noticed a fleshlord
   142 | D        | Noticed a meat beast
   142 | D        | Killed from afar by a scourge

Vault maps used:
D:        meatsprint

Skill      XL: |  1  2  3  4  5  6  7  8  9 10 11 12 13 14 15 16 17 18 19 20 21 22 23 |
---------------+----------------------------------------------------------------------+-----
Fighting       | 16 19 22 23 25 27 | 27.0
Axes           | 15 18 20 22 23 26 27 | 27.0
Throwing       | 18 20 27 | 27.0
Dodging        | 13 15 17 19 20 22 27 | 27.0
Invocations    | 12 17 20 22 26 27 | 27.0
Stealth        | 6 20 27 | 27.0
Armour         | 10 25 27 | 27.0
Unarmed Combat | 23 27 | 27.0
Spellcasting   | 19 27 | 27.0

Action                   |  1- 3 |  4- 6 |  7- 9 | 10-12 | 13-15 | 16-18 | 19-21 | 22-24 | 25-27 || total
-------------------------+-------+-------+-------+-------+-------+-------+-------+-------+-------++-------
Melee: Executioner's axe |     1 |       |       |       |     5 |     3 |     8 |    12 |    75 ||   104
  Use: Potion            |       |       |       |       |       |       |       |       |     1 ||     1
Armor: Leather armour    |       |       |       |       |       |       |       |       |     1 ||     1
Dodge: Dodged            |       |       |       |       |       |       |       |       |    10 ||    10
